 Dungeon Crawl Stone Soup version 0.32-a0-361-g289a535 (webtiles) character file.

Game seed: 7869839624079739405

6001 Nithhogg the Dwarven Disaster (level 10, -2/89 (91) HPs)
             Began as a Mountain Dwarf Fighter on Feb 18, 2024.
             Was a Believer of Qazlal.
             Slain by a wight
             ... wielding a +1 halberd
              (9 damage)
             ... on level 8 of the Dungeon.
             The game lasted 00:19:49 (11499 turns).

Nithhogg the Dwarven Disaster (MDFi)               Turns: 11499, Time: 00:19:49

HP:   -2/89 (91)    AC: 14    Str: 22    XL:     10   Next: 55%
MP:   17/17         EV: 10    Int: 11    God:    Qazlal [**....]
Gold: 647           SH:  3    Dex: 12    Spells: 9/9 levels left

rFire   . . .        D - +4 war axe
rCold   . . .        (no shield)
rNeg    . . .        f - +3 ring mail
rPois   .            (no helmet)
rElec   .            (no cloak)
rCorr   .            (no gloves)
SInv    .            (no boots)
Will    +....        m - amulet of faith
Stlth   +            q - +4 ring of protection
HPRegen 0.34/turn    (no ring)
MPRegen 0.15/turn

%: faith
@: lightly drained
A: runic magic, artefact enchanting, agile 1, clever 1
a: Renounce Religion, Upheaval


You were on level 8 of the Dungeon.
You worshipped Qazlal.
Qazlal was pleased with you.
You visited 2 branches of the dungeon, and saw 10 of its levels.

You collected 647 gold pieces.

Inventory:

Hand Weapons
 a - a +1 war axe
 d - a +2 whip of flaming
 x - a +0 battleaxe
 y - a +0 heavy trident
 D - a +4 war axe (weapon)
 P - a +1 hand axe of freezing
 Q - a +0 heavy halberd
Missiles
 e - 2 curare-tipped darts (quivered)
 O - 12 boomerangs
 R - 4 throwing nets
Armour
 b - a +0 scale mail
 c - a +0 buckler
 f - a +3 ring mail (worn)
Jewellery
 g - an amulet of regeneration
 m - an amulet of faith (around neck)
 q - a +4 ring of protection (left hand)
 t - an amulet of reflection
 v - a +6 ring of dexterity
 C - a ring of protection from cold
 J - a ring of wizardry
 S - an amulet of the acrobat
Wands
 w - a wand of flame (17)
 z - a wand of mindburst (1)
 B - a wand of roots (9)
 G - a wand of polymorph (10)
 M - a wand of light (10)
Scrolls
 h - 10 scrolls of teleportation
 k - a scroll of fog
 r - 2 scrolls of enchant weapon
 s - 2 scrolls of enchant armour
 u - a scroll of silence
 A - a scroll of revelation
Potions
 i - 2 potions of resistance
 j - 2 potions of enlightenment
 l - 2 potions of degeneration
 o - a potion of brilliance
 p - 2 potions of heal wounds
 F - a potion of lignification
 H - a potion of haste
 I - 2 potions of berserk rage {unknown}
 K - a potion of might


   Skills:
 + Level 9.4 Fighting
 + Level 9.9 Axes
 + Level 9.4 Armour
 - Level 3.2 Shields
 + Level 10.3 Invocations


You had 9 spell levels left.
You didn't know any spells.
Your spell library was empty.

Dungeon Overview and Level Annotations

Branches:
Dungeon (9/15)             Temple (1/1) D:7
   Lair: D:8-11         Orc: D:9-12

Altars:
Ashenzari
Cheibriados
Elyvilon
Fedhas
Gozag
Hepliaklqana
Kikubaaqudgha
Makhleb
Nemelex Xobeh
Okawaru
Qazlal
Ru
Sif Muna
Trog
Uskayaw
Vehumet
Wu Jian
Xom
Zin

Shops:
D:1 *   D:5 ::[=   D:7 *   D:8 [

Annotations:
D:5 2 runed translucent doors, Crazy Yiuf; anarkitty's ghost, novice TeCj
D:9 Erica


Innate Abilities, Weirdness & Mutations

Your spellcasting is much less encumbered by armour.
You can use scrolls of enchantment on lesser artefacts.
You are agile. (Dex +4, Str/Int -1)
Your mind is acute. (Int +4, Str/Dex -1)


Message History

You kill your butterfly!
Your butterfly disappears in a burst of colours!
The wight misses your butterfly. Erica casts a spell at you.
Your butterfly seems to slow down.
The wight misses your butterfly.
You swap places.
You feel sick.
Your butterfly is engulfed in freezing vapours.
You kill your butterfly!
Your butterfly disappears in a burst of colours!
Erica screams, "You'll never get it!"
Erica mumbles some strange words.
Erica flickers and vanishes!
Deactivating autopickup; reactivate with Ctrl-A.
The wight hits you from afar with a +1 halberd.
* * * LOW HITPOINT WARNING * * *
You feel drained.
You swap places.
You feel sick.
Your butterfly is engulfed in a thunderstorm.
You kill your butterfly!
Your butterfly disappears in a burst of colours!
Your butterfly is engulfed in freezing vapours.
You kill your butterfly!
Your butterfly disappears in a burst of colours!
The wight barely misses you.
There is a stone staircase leading up here.
You feel sick.
You are no longer poisoned.
Your butterfly is engulfed in freezing vapours.
You kill your butterfly!
Your butterfly disappears in a burst of colours!
Your butterfly is engulfed in freezing vapours.
You kill your butterfly!
Your butterfly disappears in a burst of colours!
The wight hits you but does no damage.
You climb upwards.
Reactivating autopickup.
There is a stone staircase leading down here.
The wight hits you from afar with a +1 halberd!
You die...

#..#......##.............#.#.#...
####......#####..........#...##..
.#.........##.##.........##.###.#
.#.............#..........#.# ###
......>............)###...#.# #.#
#..<..........#....)).##..#.###..
..............##....).....#.#....
.............##..###.....##.#..##
...........<.[..@☼z......#..##.#
≈≈≈≈≈≈≈≈≈..................#####
........≈≈............####..##
..##.....≈≈..................#
)####.....≈)[...............###
##..##....≈...(........##.....###
##..##....≈≈≈.......##...........
.#''#......≈≈.............###....
.......##...≈.)..........#####)..


You could see a wight.

Vanquished Creatures
  Pikel (D:3)
  Psyche (D:8)
  Sigmund (D:6)
  A wyvern (D:7)
  Eustachio (D:4)
  Grum (D:8)
  5 steam dragons
  An acid dragon (D:8)
  A water moccasin (D:5)
  3 ice beasts
  2 orc warriors
  2 sky beasts
  A lemure (D:3)
  2 centaurs
  3 gnoll sergeants (D:8)
  7 bullfrogs
  2 scorpions
  4 wights
  4 killer bees (D:7)
  5 howler monkeys
  An electric eel (D:8)
  13 hounds
  3 bombardier beetles
  2 gnoll boudas
  A jelly (D:8)
  7 orc priests
  A sleepcap (D:5)
  2 iguanas
  7 orc wizards
  29 gnolls
  13 adders
  3 shadow imps
  2 white imps (D:7)
  2 ufetubi (D:7)
  5 dart slugs
  A ribbon worm (D:3)
  18 orcs
  4 endoplasms
  4 giant cockroaches
  5 goblins
  6 hobgoblins
  6 jackals
  3 kobolds
  2 quokkas
  5 ball pythons
  4 bats (D:1)
  A frilled lizard (D:3)
  6 rats
204 creatures vanquished.

Vanquished Creatures (others)
  An adder (D:5)
  2 orcs (D:8)
3 creatures vanquished.

Grand Total: 207 creatures vanquished

Notes
Turn   | Place    | Note
-------+----------+-------------------------------------------
     0 | D:1      | Nithhogg the Mountain Dwarf Fighter began the quest for the
                  | Orb.
     0 | D:1      | Reached XP level 1. HP: 19/19 MP: 1/1
    64 | D:1      | Reached skill level 1 in Invocations
    64 | D:1      | Reached XP level 2. HP: 24/26 MP: 2/2
   127 | D:1      | Found Daczyriz's General Store.
   371 | D:1      | Reached XP level 3. HP: 33/33 MP: 4/4
   616 | D:1      | Reached skill level 2 in Invocations
   737 | D:2      | Reached XP level 4. HP: 35/40 MP: 5/5
  1090 | D:2      | Reached XP level 5. HP: 20/47 MP: 5/7
  1409 | D:2      | Reached skill level 3 in Invocations
  1826 | D:3      | Found a faded altar of an unknown god.
  2077 | D:3      | Reached XP level 6. HP: 48/53 MP: 8/8
  2208 | D:4      | Noticed Pikel
  2261 | D:3      | Killed Pikel
  2262 | D:3      | Reached skill level 5 in Fighting
  2262 | D:3      | Reached skill level 5 in Axes
  2262 | D:3      | Reached skill level 5 in Armour
  2262 | D:3      | Reached skill level 5 in Invocations
  2262 | D:3      | Reached XP level 7. HP: 19/62 MP: 8/10
  2442 | D:4      | Noticed Eustachio
  2463 | D:5      | Entered Level 5 of the Dungeon
  2741 | D:5      | Found Kex Idug's Armour Shop.
  2753 | D:5      | Found Boch's Book Shop.
  2764 | D:5      | Reached XP level 8. HP: 64/70 MP: 12/12
  2863 | D:5      | Found a runed translucent door.
  2863 | D:5      | Noticed anarkitty's ghost (novice TeCj)
  2904 | D:5      | Found Aziol's Book Boutique.
  3257 | D:5      | Found Ujuyjese's Jewellery Emporium.
  3268 | D:5      | Reached skill level 6 in Invocations
  3370 | D:5      | Found a runed translucent door.
  3371 | D:5      | Noticed Crazy Yiuf
  3869 | D:6      | Noticed Sigmund
  3884 | D:6      | Killed Sigmund
  3893 | D:6      | Found an opulent altar of Gozag.
  4029 | D:4      | Reached skill level 7 in Invocations
  4278 | D:4      | Killed Eustachio
  4941 | D:5      | Reached XP level 9. HP: 76/79 MP: 14/14
  5681 | D:7      | Found a staircase to the Ecumenical Temple.
  5690 | D:7      | Reached skill level 8 in Invocations
  5703 | Temple   | Entered the Ecumenical Temple
  5712 | Temple   | Became a worshipper of Qazlal Stormbringer
  5787 | D:7      | Found Eczyxuxt's Overcharged Wands.
  6133 | D:7      | Found a shimmering blue altar of Sif Muna.
  6137 | D:7      | Found an iron altar of Okawaru.
  6500 | D:7      | HP: 3/81 [centaur/arrow (6)]
  6502 | D:7      | Gained mutation: You do not regenerate when monsters are
                  | visible. [potion of mutation]
  6502 | D:7      | Gained mutation: You have large cloven feet. [potion of
                  | mutation]
  6502 | D:7      | Gained mutation: You are weak. (Str -2) [potion of
                  | mutation]
  6728 | D:7      | Lost mutation: You have large cloven feet. [potion of
                  | mutation]
  6728 | D:7      | Lost mutation: You are weak. (Str -2) [potion of mutation]
  6728 | D:7      | Gained mutation: Your body sometimes deteriorates upon
                  | taking damage. [potion of mutation]
  6728 | D:7      | Gained mutation: You are weak. (Str -2) [potion of
                  | mutation]
  7682 | D:7      | Reached skill level 9 in Invocations
  7899 | D:7      | Found a burning altar of Makhleb.
  7988 | D:7      | Found a sparkling altar of Nemelex Xobeh.
  8051 | D:7      | Lost mutation: Your body sometimes deteriorates upon taking
                  | damage. [potion of mutation]
  8051 | D:7      | Lost mutation: You do not regenerate when monsters are
                  | visible. [potion of mutation]
  8051 | D:7      | Lost mutation: You are weak. (Str -2) [potion of mutation]
  8051 | D:7      | Gained mutation: Your mind is acute. (Int +4, Str/Dex -1)
                  | [potion of mutation]
  8051 | D:7      | Gained mutation: You are agile. (Dex +4, Str/Int -1)
                  | [potion of mutation]
  8561 | D:7      | Reached XP level 10. HP: 43/90 MP: 16/16
  9431 | D:8      | Reached * piety under Qazlal
  9850 | D:8      | Noticed Grum
  9859 | D:8      | Killed Grum
 10311 | D:7      | Reached skill level 10 in Invocations
 10583 | D:7      | Reached ** piety under Qazlal
 10868 | D:8      | Noticed Psyche
 10937 | D:8      | Killed Psyche
 11278 | D:8      | Found Bayajidda's Dragon-Slaying Spoils.
 11466 | D:9      | Noticed Erica
 11488 | D:9      | HP: 4/91 [poisoned by Erica (bolt of poison)]
 11499 | D:8      | Slain by a wight

Illustrated notes

Levels and vault maps discovered:
D:1:      nicolae_arrival_escape_room, layout_rooms, serial_shops, shop
D:2:      layout_loops_corners
D:3:      layout_rooms, shapermc_ecumenical_altar_venn
D:4:      layout_rooms, uniq_eustachio, uniq_pikel
D:5:      layout_loops_ring, ebering_ghost_inner_flame, serial_shops,
          nicolae_shop_crystal, nicolae_shop_crystal, shop, shop_fountains,
          nicolae_concentric_dashed_squares_wild, kennysheep_small_spiral,
          chequers_garden, uniq_crazy_yiuf_cottage
D:6:      layout_loops_ring, grunt_gozag_breadcrumbs, uniq_sigmund
D:7:      nicolae_whirlpool, layout_loops_ring, marbit_many_paths,
          makhleb_blood_cavern_becter, jmf_multi_god_temple,
          minmay_temple_entry_tees, nicolae_shop_overcharged_wands
D:8:      minmay_general_purpose_star, layout_cave_pools, serial_gnoll_camp,
          gnoll_camp_mini_basic, grums_kennel, gnoll_camp_huts_moat,
          gnoll_camp_mini_loothouse, nicolae_shop_dragon_depot, uniq_psyche
D:9:      layout_basic, dk_yredelemnul_ordeal, mainiacjoe_overflow_catwalk,
          serial_demonic, serial_demonic_f, serial_demonic_b, serial_demonic_a,
          serial_demonic_d, kennysheep_generic_room_14, uniq_erica
Temple:   compressed_dpeg_circular_temple

Skill      XL: |  1  2  3  4  5  6  7  8  9 10 |
---------------+-------------------------------+-----
Invocations    | 1 2 3 5 7 9 10 | 10.3
Axes           | 3 4 5 6 7 9 |  9.9
Fighting       | 4 5 6 7 8 9 |  9.4
Armour         | 4 5 6 7 8 9 |  9.4
Shields        | |  3.2

Action                     |  1- 3 |  4- 6 |  7- 9 | 10-12 || total
---------------------------+-------+-------+-------+-------++-------
  Melee: War axe           |    66 |   107 |   354 |   172 ||   699
         Kick              |       |       |     2 |       ||     2
  Evoke: Wand              |       |       |       |     1 ||     1
    Use: Scroll            |       |     4 |     7 |     7 ||    18
         Potion            |       |     2 |     8 |     3 ||    13
 Armour: Scale mail        |    24 |       |       |       ||    24
         Ring mail         |    28 |    83 |   452 |   265 ||   828
  Dodge: Dodged            |    51 |    79 |   298 |   168 ||   596
  Block: Other             |       |       |       |    13 ||    13

Table legend: (Time is in decaauts)
 A = Elapsed time spent in this place.
 B = Non-inter-level travel time spent in this place.
 C = Inter-level travel time spent in this place.
 D = Time resting spent in this place.
 E = Time spent auto-exploring this place.
 F = Levels seen in this place.
 G = Mean time per level.
                   A        B        C        D        E       F      G
               +--------+--------+--------+--------+--------+-----+--------+
         Total |  11667 |  11331 |    336 |   3373 |   5852 |  10 | 1166.7 |
       Dungeon |  11592 |  11263 |    329 |   3373 |   5796 |   9 | 1288.0 |
        Temple |     74 |     67 |      7 |      0 |     56 |   1 |   74.0 |
               +--------+--------+--------+--------+--------+-----+--------+

Top non-repeatable levels by time:
     D:7: 3561 daAuts
     D:8: 1965 daAuts
     D:5: 1616 daAuts
     D:6: 1269 daAuts
     D:2: 983 daAuts
     D:3: 834 daAuts
     D:4: 645 daAuts
     D:1: 621 daAuts
     D:9: 94 daAuts
  Temple: 74 daAuts
